TOP OF THE 1ST |
Plymouth Rocks batting - Pitching for Birmingham Steeldogs : RHP Ramón López
|
Pitching: RHP Ramón López
|
|
Batting: RHB António Zúñiga
|
0-0: Called Strike 0-1: Swinging Strike 0-2: Foul Ball, location: 2F 0-2: Ball 1-2: Ground out 4-3 (Groundball, 4)
|
Batting: RHB Frederico Hernández
|
0-0: Called Strike 0-1: Ball 1-1: Called Strike 1-2: Foul Ball, location: 2F 1-2: Foul Ball, location: 2F 1-2: Ground out 6-3 (Groundball, 6)
|
Batting: LHB Frank Geddes
|
0-0: Called Strike 0-1: Ball 1-1: Swinging Strike 1-2: Foul Ball, location: 2F 1-2: SOLO HOME RUN (Flyball, 9D), Distance : 384 ft
|
Batting: RHB Kelly Owens
|
0-0: Fly out, F6 (Popup, 56)
|
Top of the 1st over - 1 run(s), 1 hit(s), 0 error(s), 0 left on base; Plymouth 1 - Birmingham 0 |
BOTTOM OF THE 1ST |
Birmingham Steeldogs batting - Pitching for Plymouth Rocks : LHP Carl Lewis
|
Pitching: LHP Carl Lewis
|
|
Batting: LHB José Sánchez
|
0-0: Foul Ball, location: 2F 0-1: Ball 1-1: Ball 2-1: Ground out 1-3 (Groundball, 23)
|
Batting: LHB Mitchell Oglethorpe
|
0-0: Called Strike 0-1: Ball 1-1: Ball 2-1: Foul Ball, location: 2F 2-2: Ground out 5-3 (Groundball, 56)
|
Batting: LHB Chris Miller
|
0-0: Called Strike 0-1: SINGLE (Groundball, 34)
|
Batting: LHB Arturo Molina
|
0-0: Ball 1-0: Ball 2-0: Called Strike 2-1: Swinging Strike 2-2: Strikes out swinging
|
Bottom of the 1st over - 0 run(s), 1 hit(s), 0 error(s), 1 left on base; Plymouth 1 - Birmingham 0 |
TOP OF THE 2ND |
Plymouth Rocks batting - Pitching for Birmingham Steeldogs : RHP Ramón López
|
Batting: RHB Jack Ray
|
0-0: Foul Ball, location: 2F 0-1: Ball 1-1: Foul Ball, location: 2F 1-2: Ball 2-2: Fly out, F3 (Line Drive, 3)
|
Batting: RHB Dexter Potter
|
0-0: Fly out, F8 (Flyball, 8RS)
|
Batting: RHB Yoshinori Sasaki
|
0-0: Fly out, F6 (Line Drive, 6)
|
Top of the 2nd over - 0 run(s), 0 hit(s), 0 error(s), 0 left on base; Plymouth 1 - Birmingham 0 |
BOTTOM OF THE 2ND |
Birmingham Steeldogs batting - Pitching for Plymouth Rocks : LHP Carl Lewis
|
Batting: RHB Raúl Soto
|
0-0: Called Strike 0-1: Ball 1-1: Ball 2-1: Foul Ball, location: 2F 2-2: Fly out, F6 (Line Drive, 6)
|
Batting: SHB Jesús Ramírez
|
0-0: Foul Ball, location: 2F 0-1: Ball 1-1: SINGLE (Groundball, 6M)
|
Batting: LHB Ben Kelley
|
0-0: Ball 1-0: Called Strike 1-1: Swinging Strike 1-2: Strikes out swinging
|
Batting: RHB Mario Hernández
|
0-0: Foul Ball, location: 2F 0-1: Ground out 5-3 (Groundball, 5)
|
Bottom of the 2nd over - 0 run(s), 1 hit(s), 0 error(s), 1 left on base; Plymouth 1 - Birmingham 0 |
TOP OF THE 3RD |
Plymouth Rocks batting - Pitching for Birmingham Steeldogs : RHP Ramón López
|
Batting: RHB Alberto Hernández
|
0-0: Ball 1-0: Called Strike 1-1: Ball 2-1: Fly out, F8 (Flyball, 8RM)
|
Batting: RHB Ray Yates
|
0-0: Ball 1-0: Called Strike 1-1: Ball 2-1: Ball 3-1: Base on Balls
|
Batting: RHB António Zúñiga
|
0-0: Ball Wild Pitch! Ray Yates to second 1-0: Ground out 4-3 (Groundball, 4MS) Ray Yates to third
|
Batting: RHB Frederico Hernández
|
0-0: Ball 1-0: Called Strike 1-1: Foul Ball, location: 2F 1-2: Foul Ball, location: 2F 1-2: Ball 2-2: Foul Ball, location: 2F 2-2: Strikes out swinging
|
Top of the 3rd over - 0 run(s), 0 hit(s), 0 error(s), 1 left on base; Plymouth 1 - Birmingham 0 |
BOTTOM OF THE 3RD |
Birmingham Steeldogs batting - Pitching for Plymouth Rocks : LHP Carl Lewis
|
Batting: RHB Paço Ttes
|
0-0: Ball 1-0: SINGLE (Groundball, 15) (infield hit)
|
Batting: LHB José Sánchez
|
0-0: Ball 1-0: Ground out 4-3 (Groundball, 4) Paço Ttes to second
|
Batting: LHB Mitchell Oglethorpe
|
0-0: Ball 1-0: Called Strike 1-1: SINGLE (Groundball, 4MD) Paço Ttes to third
|
Batting: LHB Chris Miller
|
0-0: Grounds into double play, 6-4-3 (Groundball, 6M)
|
Bottom of the 3rd over - 0 run(s), 2 hit(s), 0 error(s), 1 left on base; Plymouth 1 - Birmingham 0 |
TOP OF THE 4TH |
Plymouth Rocks batting - Pitching for Birmingham Steeldogs : RHP Ramón López
|
Batting: LHB Frank Geddes
|
0-0: Foul Ball, location: 2F 0-1: Ball 1-1: Ball 2-1: Foul Ball, location: 2F 2-2: Fly out, F7 (Flyball, 78M)
|
Batting: RHB Kelly Owens
|
0-0: Ball 1-0: Fly out, F8 (Flyball, 8LM)
|
Batting: RHB Jack Ray
|
0-0: Ball 1-0: Foul Ball, location: 2F 1-1: Called Strike 1-2: Ball 2-2: Fly out, F8 (Flyball, 8RD)
|
Top of the 4th over - 0 run(s), 0 hit(s), 0 error(s), 0 left on base; Plymouth 1 - Birmingham 0 |
BOTTOM OF THE 4TH |
Birmingham Steeldogs batting - Pitching for Plymouth Rocks : LHP Carl Lewis
|
Batting: LHB Arturo Molina
|
0-0: Ball 1-0: Called Strike 1-1: Ground out 3-1 (Groundball, 34S)
|
Batting: RHB Raúl Soto
|
0-0: Called Strike 0-1: Ball 1-1: Ball 2-1: Ball 3-1: Foul Ball, location: 2F 3-2: Foul Ball, location: 2F 3-2: Strikes out swinging
|
Batting: SHB Jesús Ramírez
|
0-0: Ball 1-0: Ball 2-0: Fly out, F7 (Line Drive, 78M)
|
Bottom of the 4th over - 0 run(s), 0 hit(s), 0 error(s), 0 left on base; Plymouth 1 - Birmingham 0 |
TOP OF THE 5TH |
Plymouth Rocks batting - Pitching for Birmingham Steeldogs : RHP Ramón López
|
Batting: RHB Dexter Potter
|
0-0: Called Strike 0-1: Ball 1-1: Swinging Strike 1-2: Foul Ball, location: 2F 1-2: Foul Ball, location: 2F 1-2: Strikes out swinging
|
Batting: RHB Yoshinori Sasaki
|
0-0: Called Strike 0-1: Swinging Strike 0-2: Strikes out looking
|
Batting: RHB Alberto Hernández
|
0-0: Called Strike 0-1: Ball 1-1: Called Strike 1-2: Ball 2-2: Strikes out swinging
|
Top of the 5th over - 0 run(s), 0 hit(s), 0 error(s), 0 left on base; Plymouth 1 - Birmingham 0 |
BOTTOM OF THE 5TH |
Birmingham Steeldogs batting - Pitching for Plymouth Rocks : LHP Carl Lewis
|
Batting: LHB Ben Kelley
|
0-0: Called Strike 0-1: Called Strike 0-2: Ball 1-2: Strikes out swinging
|
Batting: RHB Mario Hernández
|
0-0: Ball 1-0: Swinging Strike 1-1: SINGLE (Line Drive, 6D)
|
Batting: RHB Paço Ttes
|
0-0: Ball 1-0: Ball 2-0: Fly out, F9 (Popup, 89S)
|
Batting: LHB José Sánchez
|
0-0: Foul Ball, location: 2F 0-1: Ball 1-1: Called Strike 1-2: Foul Ball, location: 2F 1-2: Fly out, F8 (Flyball, 8RD)
|
Bottom of the 5th over - 0 run(s), 1 hit(s), 0 error(s), 1 left on base; Plymouth 1 - Birmingham 0 |
TOP OF THE 6TH |
Plymouth Rocks batting - Pitching for Birmingham Steeldogs : RHP Ramón López
|
Batting: RHB Ray Yates
|
0-0: Called Strike 0-1: Foul Ball, location: 2F 0-2: Ball 1-2: Strikes out swinging
|
Batting: RHB António Zúñiga
|
0-0: Called Strike 0-1: Swinging Strike 0-2: Fly out, F9 (Flyball, 9M)
|
Batting: RHB Frederico Hernández
|
0-0: Ball 1-0: Ball 2-0: Ball 3-0: Base on Balls
|
Batting: LHB Frank Geddes
|
0-0: Foul Ball, location: 2F 0-1: Foul Ball, location: 2F 0-2: Strikes out swinging
|
Top of the 6th over - 0 run(s), 0 hit(s), 0 error(s), 1 left on base; Plymouth 1 - Birmingham 0 |
BOTTOM OF THE 6TH |
Birmingham Steeldogs batting - Pitching for Plymouth Rocks : LHP Carl Lewis
|
Batting: LHB Mitchell Oglethorpe
|
0-0: Ball 1-0: Ball 2-0: Ball 3-0: Called Strike 3-1: SINGLE (Line Drive, 6M)
|
Batting: LHB Chris Miller
|
0-0: Called Strike 0-1: Ball 1-1: Ground out 3-1 (Groundball, 34) Mitchell Oglethorpe to second
|
Batting: LHB Arturo Molina
|
0-0: Ball 1-0: Swinging Strike 1-1: Ground out 6-3 (Groundball, 6)
|
Batting: RHB Raúl Soto
|
0-0: Foul Ball, location: 2F 0-1: Ground out 6-3 (Groundball, 6)
|
Bottom of the 6th over - 0 run(s), 1 hit(s), 0 error(s), 1 left on base; Plymouth 1 - Birmingham 0 |
TOP OF THE 7TH |
Plymouth Rocks batting - Pitching for Birmingham Steeldogs : RHP Ramón López
|
Batting: RHB Kelly Owens
|
0-0: Called Strike 0-1: Swinging Strike 0-2: Ball 1-2: Strikes out swinging
|
Batting: RHB Jack Ray
|
0-0: Ball 1-0: Foul Ball, location: 2F 1-1: SINGLE (Groundball, 34D)
|
Batting: RHB Dexter Potter
|
0-0: Called Strike 0-1: Grounds into double play, 6-4-3 (Groundball, 6)
|
Top of the 7th over - 0 run(s), 1 hit(s), 0 error(s), 0 left on base; Plymouth 1 - Birmingham 0 |
BOTTOM OF THE 7TH |
Birmingham Steeldogs batting - Pitching for Plymouth Rocks : LHP Carl Lewis
|
Batting: SHB Jesús Ramírez
|
0-0: Ball 1-0: Ball 2-0: Ground out 5-3 (Groundball, 56)
|
Batting: LHB Ben Kelley
|
0-0: Ball 1-0: Reached on error, E2 (Groundball, 2L)
|
Batting: RHB Mario Hernández
|
0-0: Called Strike 0-1: Ball 1-1: Fly out, F6 (Line Drive, 6)
|
Batting: RHB Paço Ttes
|
0-0: Ball 1-0: Ball 2-0: Called Strike 2-1: DOUBLE (Line Drive, 7LM) Ben Kelley to third Runner from 3rd tries for Home, SAFE, no throw or cutoff
|
Batting: LHB José Sánchez
|
0-0: Ball 1-0: Fly out, F8 (Flyball, 8LM)
|
Bottom of the 7th over - 1 run(s), 1 hit(s), 1 error(s), 1 left on base; Plymouth 1 - Birmingham 1 |
TOP OF THE 8TH |
Plymouth Rocks batting - Pitching for Birmingham Steeldogs : RHP Ramón López
|
Batting: RHB Yoshinori Sasaki
|
0-0: Called Strike 0-1: Foul Ball, location: 2F 0-2: Strikes out swinging
|
Batting: RHB Alberto Hernández
|
0-0: Foul Ball, location: 2F 0-1: Ground out 4-3 (Groundball, 4)
|
Pinch Hitting: RHB Tadakuni Sugiyama
|
0-0: SOLO HOME RUN (Line Drive, 78XD), Distance : 401 ft
|
Batting: RHB António Zúñiga
|
0-0: Called Strike 0-1: Fly out, F9 (Line Drive, 89S)
|
Top of the 8th over - 1 run(s), 1 hit(s), 0 error(s), 0 left on base; Plymouth 2 - Birmingham 1 |
BOTTOM OF THE 8TH |
Birmingham Steeldogs batting - Pitching for Plymouth Rocks : LHP Carl Lewis
|
Now at SS: Jorge Márquez
|
|
Batting: LHB Mitchell Oglethorpe
|
0-0: Ball 1-0: Ball 2-0: SINGLE (Line Drive, 6D)
|
Pinch Runner at 1st Nick Webb:
|
|
Batting: LHB Chris Miller
|
0-0: Called Strike 0-1: Ball 1-1: Fly out, F9 (Flyball, 89M)
|
Batting: LHB Arturo Molina
|
0-0: Fly out, F7 (Flyball, 7M)
|
Batting: RHB Raúl Soto
|
0-0: Fly out, F8 (Flyball, 8LS)
|
Bottom of the 8th over - 0 run(s), 1 hit(s), 0 error(s), 1 left on base; Plymouth 2 - Birmingham 1 |
TOP OF THE 9TH |
Plymouth Rocks batting - Pitching for Birmingham Steeldogs : RHP Ramón López
|
Pitching: LHP Juan Fuentes
|
|
Batting: RHB Frederico Hernández
|
0-0: Called Strike 0-1: DOUBLE (Line Drive, 7LD)
|
Batting: LHB Frank Geddes
|
0-0: Ball 1-0: SINGLE (Groundball, 6MD) Frederico Hernández to third Runner from 3rd tries for Home, SAFE, throw made home Frank Geddes to second
|
Batting: RHB Kelly Owens
|
0-0: Intentional Walk
|
Batting: RHB Jack Ray
|
0-0: Swinging Strike 0-1: Foul Ball, location: 2F 0-2: Ball 1-2: Ball 2-2: Ball 3-2: Foul Ball, location: 2F 3-2: Strikes out looking
|
Batting: RHB Dexter Potter
|
0-0: Fly out, F9 (Popup, 34D)
|
Batting: RHB Yoshinori Sasaki
|
0-0: Foul Ball, location: 2F 0-1: Ball 1-1: Ball 2-1: Called Strike 2-2: Ground out 1-3 (Groundball, 13S)
|
Top of the 9th over - 1 run(s), 2 hit(s), 0 error(s), 2 left on base; Plymouth 3 - Birmingham 1 |
BOTTOM OF THE 9TH |
Birmingham Steeldogs batting - Pitching for Plymouth Rocks : LHP Carl Lewis
|
Pitching: RHP Erik Estes
|
|
Batting: SHB Jesús Ramírez
|
0-0: Ball 1-0: Ball 2-0: Foul Ball, location: 2F 2-1: SOLO HOME RUN (Flyball, 89XD), Distance : 406 ft
|
Batting: LHB Ben Kelley
|
0-0: Ball 1-0: Ball 2-0: Foul Ball, location: 2F 2-1: Ball 3-1: Base on Balls
|
Batting: RHB Mario Hernández
|
0-0: Foul Ball, location: 2F 0-1: Called Strike 0-2: Ball 1-2: DOUBLE (Groundball, 5D) Ben Kelley to third
|
Batting: RHB Paço Ttes
|
0-0: Ground out 5-3 (Groundball, 56S)
|
Batting: LHB José Sánchez
|
0-0: Called Strike 0-1: Ball 1-1: Foul Ball, location: 2F 1-2: Fly out, F9 (Flyball, 89M) Runner from 3rd tags up, SCORES, throw made
|
Batting: RHB Nick Webb
|
0-0: Ball 1-0: Ball 2-0: Called Strike 2-1: Fly out, F4 (Popup, 6MD)
|
Bottom of the 9th over - 2 run(s), 2 hit(s), 0 error(s), 1 left on base; Plymouth 3 - Birmingham 3 |
TOP OF THE 10TH |
Plymouth Rocks batting - Pitching for Birmingham Steeldogs : LHP Juan Fuentes
|
Batting: RHB Alberto Hernández
|
0-0: Foul Ball, location: 2F 0-1: Called Strike 0-2: Strikes out looking
|
Batting: RHB Jorge Márquez
|
0-0: Ball 1-0: Swinging Strike 1-1: Ball 2-1: Ball 3-1: Called Strike 3-2: Strikes out looking
|
Batting: RHB António Zúñiga
|
0-0: Ball 1-0: SINGLE (Flyball, 89S)
|
Batting: RHB Frederico Hernández
|
0-0: 2-RUN HOME RUN (Flyball, 78XD), Distance : 409 ft
|
Pitching: RHP Víctor Reyes
|
|
Batting: LHB Frank Geddes
|
0-0: Ball 1-0: Foul Ball, location: 2F 1-1: Foul Ball, location: 2F 1-2: Strikes out swinging
|
Top of the 10th over - 2 run(s), 2 hit(s), 0 error(s), 0 left on base; Plymouth 5 - Birmingham 3 |
BOTTOM OF THE 10TH |
Birmingham Steeldogs batting - Pitching for Plymouth Rocks : RHP Erik Estes
|
Now at 1B: Alberto Ramos
|
|
Batting: LHB Chris Miller
|
0-0: Ball 1-0: Ball 2-0: Ball 3-0: Called Strike 3-1: Base on Balls
|
Batting: LHB Arturo Molina
|
0-0: Fly out, F9 (Flyball, 89XD)
|
Pinch Hitting: LHB Glenn Garrett
|
0-0: Called Strike 0-1: Swinging Strike 0-2: Ball 1-2: Ball 2-2: Fly out, F6 (Popup, 56D)
|
Batting: SHB Jesús Ramírez
|
0-0: Ball 1-0: Foul Ball, location: 2F 1-1: Hit by Pitch Chris Miller to second
|
Batting: LHB Ben Kelley
|
0-0: Ball 1-0: SINGLE (Line Drive, 8RS) Chris Miller to third Jesús Ramírez to second Runner from 3rd tries for Home, SAFE, throw made home Jesús Ramírez to third Ben Kelley to second
|
Pitching: RHP Dong-hyun Kim
|
|
Batting: RHB Mario Hernández
|
0-0: Ball 1-0: Ball 2-0: Called Strike 2-1: Foul Ball, location: 2F 2-2: Ground out 4-3 (Groundball, 4)
|
Bottom of the 10th over - 1 run(s), 1 hit(s), 0 error(s), 2 left on base; Plymouth 5 - Birmingham 4 |
|